Map: Winter Madness LE

Players

IIIIIIIIIIII

  • Race: Zerg Zerg
  • League: Diamond
  • Spawn Location: 11:00

HoldTheDoor - Winner!

  • Race: Protoss Protoss
  • League: Diamond
  • Spawn Location: 5:00

VOD

Have the link to the VOD?

Description

Time

  • Played on: May 15, 2026, 12:38 p.m.
  • Length: 10:35
Show
View Real Time Build Order
Export as new Build Order

IIIIIIIIIIII Zerg 

Build Orders: Hatch First 

Get SALT Encoding   

  12  0:00  Drone  
  13  0:13  Overlord  
  13  0:16  Drone  
  14  0:31  Drone x2  
  16  0:46  Hatchery  
  15  0:51  Drone  
  15  0:54  Drone  
  17  0:58  Drone  
  18  1:09  Extractor  
  17  1:14  Spawning Pool  
  17  1:17  Drone  
  17  1:20  Drone  
  18  1:29  Drone  
  19  1:39  Drone  
  20  1:50  Drone  
  21  2:01  Queen  
  21  2:02  Queen  
  21  2:03  Drone  
  21  2:04  Overlord  
  26  2:16  Drone x2  
  26  2:18  Metabolic Boost  
  26  2:22  Drone x2  
  30  2:32  Drone  
  30  2:33  Drone  
  32  2:42  Overlord  
  32  2:48  Hatchery  
  32  2:51  Drone  
  32  2:55  Drone  
  32  2:56  Drone  
  34  3:07  Zergling x2  
  34  3:08  Zergling x2  
  34  3:12  Drone x3  
  39  3:13  Drone x3  
  42  3:25  Overlord  
  42  3:26  Overlord  
  42  3:27  Drone  
  43  3:46  Drone x5  
  43  3:47  Drone x2  
  43  3:48  Drone x2  
  52  3:52  Roach Warren  
  51  4:01  Drone x4  
  54  4:04  Extractor  
  54  4:06  Extractor  
  52  4:16  Extractor  
  50  4:17  Zergling x4  
  50  4:19  Drone x2  
  54  4:26  Lair  
  54  4:32  Spore Crawler  
  54  4:35  Spore Crawler  
  54  4:38  Spore Crawler  
  51  4:39  Drone x7  
  51  4:42  Overlord x3  
  51  4:43  Overlord x2  
  58  4:56  Overlord  
  58  4:57  Overlord  
  58  5:00  Queen  
  58  5:03  Drone x3  
  58  5:06  Drone x2  
  65  5:19  Roach x4  
  65  5:20  Roach x4  
  81  5:26  Drone  
  81  5:27  Drone  
  81  5:28  Drone, Evolution Chamber  
  84  5:29  Evolution Chamber  
  84  5:34  Drone  
  83  5:41  Extractor  
  83  5:42  Extractor  
  81  5:43  Spore Crawler  
  81  5:44  Drone x5  
  81  5:45  Spine Crawler  
  81  5:47  Glial Reconstitution  
  84  5:54  Ravager  
  84  5:55  Ravager x4  
  89  5:59  Roach  
  89  6:00  Roach x6  
  103  6:15  Overseer  
  103  6:17  Zerg Melee Weapons Level 1, Zerg Missile Weapons Level 1  
  103  6:26  Infestation Pit  
  103  6:30  Zergling x2  
  103  6:31  Zergling x22  
  114  6:34  Overlord x2  
  114  6:47  Overlord x3  
  114  6:48  Extractor  
  114  6:49  Hatchery  
  114  6:52  Extractor  
  111  6:57  Drone x6  
  111  6:58  Drone  
  118  7:03  Ravager x5  
  118  7:04  Ravager  
  124  7:18  Hydralisk Den  
  106  7:46  Roach  
  106  7:47  Roach x15  
  123  7:57  Roach x7  
  114  8:02  Pneumatized Carapace  
  114  8:04  Burrow  
  114  8:06  Zergling x2  
  114  8:07  Zergling x6  
  114  8:08  Queen  
  114  8:11  Ravager x4  
  124  8:13  Zergling x2  
  124  8:14  Zergling x6  
  124  8:16  Zerg Melee Weapons Level 2  
  128  8:30  Drone x3  
  128  8:32  Overlord  
  131  8:43  Drone x3  
  131  8:45  Drone x6  
  140  8:50  Ravager x3  
  140  8:51  Ravager x4  
  140  8:53  Zergling x2  
  140  8:54  Zergling x12  
  154  9:01  Evolution Chamber, Muscular Augments  
  153  9:07  Zergling x14  
  153  9:08  Overlord  
  160  9:36  Zergling x2  
  160  9:37  Zergling x14, Overlord x3  
  160  9:38  Overlord x5  
  154  9:51  Hatchery, Roach, Zergling x2  
  154  9:52  Zergling x14  
  125  10:00  Roach  
  125  10:01  Roach x3  
  129  10:08  Roach x2  
  113  10:14  Drone  
  113  10:15  Drone x4  
Show
View Real Time Build Order
Export as new Build Order

HoldTheDoor Protoss - Winner!

Build Orders: 1 Gate Expand, Archon Immortal, Dark Templar Rush 

Get SALT Encoding   

  12  0:00  Probe  
  13  0:12  Probe  
  14  0:22  Pylon  
  14  0:24  Probe  
  15  0:36  Probe  
  15  0:41  Gateway  
  16  0:44  Probe  
  17  0:50  Assimilator  
  17  0:56  Probe  
  18  1:08  Probe  
  19  1:28  Nexus  
  19  1:32  Cybernetics Core  
  19  1:35  Probe  
  20  1:41  Assimilator  
  20  1:47  Probe  
  20  1:52  Pylon  
  21  1:58  Stalker  
  21  1:59  Probe  
  22  2:10  Warp Gate  
  22  2:12  Probe  
  25  2:24  Probe  
  26  2:30  Adept  
  26  2:32  Gateway  
  28  2:37  Probe  
  28  2:40  Probe  
  30  2:47  Twilight Council  
  30  2:50  Probe  
  31  2:57  Assimilator  
  31  2:59  Probe  
  32  3:06  Probe, Robotics Facility  
  33  3:15  Probe  
  34  3:21  Probe  
  35  3:28  Probe  
  35  3:33  Probe  
  37  3:40  Probe  
  38  3:45  Dark Shrine, Probe  
  39  3:54  Probe  
  40  3:57  Probe  
  40  4:00  Adept x2  
  43  4:06  Probe  
  43  4:09  Probe  
  45  4:18  Probe  
  46  4:25  Pylon  
  46  4:26  Pylon, Gateway  
  46  4:28  Gateway  
  46  4:33  Warp Prism  
  46  4:39  Nexus  
  46  4:41  Pylon  
  46  4:43  Probe  
  49  4:46  Probe  
  50  4:55  Probe  
  50  4:58  Pylon  
  51  5:02  Dark Templar  
  51  5:03  Dark Templar  
  55  5:10  Charge  
  55  5:12  Probe x2  
  57  5:16  Pylon  
  57  5:21  Forge  
  57  5:26  Dark Templar x2  
  61  5:34  Immortal  
  65  5:42  Probe x2  
  67  5:52  Probe  
  67  5:54  Probe  
  69  5:57  Gateway  
  69  5:59  Gateway  
  69  6:06  Protoss Ground Weapons Level 1  
  67  6:17  Dark Templar  
  67  6:18  Dark Templar x3  
  75  6:20  Probe x3  
  78  6:30  Photon Cannon  
  78  6:31  Pylon  
  78  6:32  Probe, Pylon  
  79  6:35  Immortal  
  79  6:39  Archon x2  
  83  6:44  Archon  
  83  6:49  Gateway  
  83  6:51  Gateway  
  83  6:53  Gateway  
  83  6:55  Gateway  
  83  6:57  Zealot x3, Gateway  
  83  6:58  Zealot  
  83  7:00  Gateway  
  91  7:02  Zealot x2  
  91  7:08  Pylon  
  95  7:11  Pylon  
  95  7:13  Photon Cannon  
  95  7:18  Photon Cannon, Probe x2  
  95  7:19  Probe  
  96  7:41  Zealot x6  
  92  7:51  Zealot x4  
  88  8:02  Stalker x6  
  100  8:13  Protoss Ground Armor Level 1  
  100  8:18  Photon Cannon  
  100  8:20  Photon Cannon  
  100  8:22  Pylon  
  100  8:24  Shield Battery  
  100  8:25  Dark Templar x2  
  100  8:26  Shield Battery  
  104  8:27  Zealot  
  104  8:28  Photon Cannon  
  104  8:30  Zealot  
  104  8:32  Archon  
  104  8:34  Immortal  
  112  8:50  Pylon, Zealot  
  112  8:51  Zealot x2  
  112  8:52  Zealot  
  112  8:54  Sentry  
  122  8:58  Pylon  
  122  9:07  Observer  
  122  9:11  Pylon, Zealot x4  
  122  9:12  Zealot  
  133  9:25  Immortal  
  137  9:32  Zealot x2  
  137  9:33  Zealot x4  
  133  9:53  Zealot x4  
  133  9:54  Zealot x5  
  123  10:15  Zealot x6  
  123  10:16  Zealot  
Tags
 
Add a new tag
Caveats
  • Supply blocks, unpowered buildings, or Contaminate may cause inaccurate times.
  • Supply counts are checked every 10 seconds.